 Dungeon Crawl Stone Soup version 0.32-a0-643-ga006e7742e (webtiles) character file.

Game seed: 5050547058514699057

187 BubbleThief the Magician (level 5, -13/40 HPs)
             Began as a Djinni Hedge Wizard on Mar 7, 2024.
             Mangled by an orc warrior
             ... wielding a +0 broad axe
              (19 damage)
             ... on level 4 of the Dungeon.
             The game lasted 00:07:01 (2754 turns).

BubbleThief the Magician (Djinni Hedge Wizard)      Turns: 2754, Time: 00:07:02

Health: -13/40     AC:  2    Str: 15    XL:     5   Next: 99%
Gold:   161        EV: 12    Int: 17    God:
                   SH:  0    Dex: 13

rFire   + + .        s - +3 dagger (speed)
rCold   x . .        (no shield)
rNeg    . . .        b - +0 robe
rPois   ∞            c - +0 hat
rElec   .            (no cloak)
rCorr   .            (no gloves)
SInv    .            (boots unavailable)
Will    .....        (no amulet)
Stlth   ++           m - +6 ring of strength
HPRegen 0.26/turn    (no ring)
MPRegen 0.00/turn

%: infuse magic (-14 HP)
@: flying
A: sickness immunity, fire resistance 2, cold vulnerability 1, float, innate
caster, HP casting, extra vitality 1
a: no special abilities


You were on level 4 of the Dungeon.
You visited 1 branch of the dungeon, and saw 4 of its levels.

You collected 161 gold pieces.

Inventory:

Hand Weapons
 o - a +2 flail of protection
 r - a +0 dagger of venom
 s - a +3 dagger of speed (weapon)
Armour
 b - a +0 robe (worn)
 c - a +0 hat (worn)
Jewellery
 m - a +6 ring of strength (left hand)
Talismans
 g - a maw talisman
Scrolls
 d - 4 scrolls of identify {unknown}
 i - a scroll of fear {unknown}
 l - a scroll of teleportation {unknown}
 n - a scroll of blinking {unknown}
 p - 2 scrolls of vulnerability {unknown}
 q - a scroll of poison {unknown}
Potions
 a - a potion of lignification {unknown}
 e - a potion of might {unknown}
 f - 2 potions of magic {unknown}
 h - a potion of mutation {unknown}
 j - a potion of curing {unknown}
 k - a potion of attraction {unknown}


   Skills:
 + Level 3.6 Fighting
 - Level 2.1 Dodging
 - Level 1.5 Stealth
 + Level 4.2 Spellcasting
 + Level 4.2 Conjurations
 + Level 4.2 Hexes
 + Level 4.2 Summonings
 + Level 4.2 Necromancy
 + Level 4.2 Translocations
 + Level 4.2 Fire Magic
 + Level 4.2 Ice Magic
 + Level 4.2 Air Magic
 + Level 4.2 Earth Magic
 + Level 4.2 Alchemy


You knew the following spells:

 Your Spells              Type           Power      Damage    Failure   Level
a - Magic Dart            Conj           68%        1d6       2%          1
b - Slow                  Hex            68%        N/A       2%          1
c - Blink                 Tloc           34%        N/A       4%          2
d - Call Imp              Summ           34%        N/A       4%          2
e - Mephitic Cloud        Conj/Alch/Air  17%        N/A       9%          3
f - Foxfire               Conj/Fire      68%        2x1d7     2%          1
g - Mercury Vapours       Alch/Air       34%        N/A       4%          2
Your spell library was empty.

Dungeon Overview and Level Annotations

Branches:
Dungeon (4/15)
 Temple: D:4-7

Altars:


Innate Abilities, Weirdness & Mutations

You are immune to sickness and miasma.
You are immune to poison.
Your flesh is very heat resistant. (rF++)
You are vulnerable to cold. (rC-)
You float through the air rather than walking.
You learn spells naturally, not from books.
Your magical power is your life essence.
You have superior vitality. (+4 MHP)


Message History

Aiming: Magic Dart (safe; 2% risk of failure)
Press: ? - help, Q - select action, (/) - cycle Shift-Dir - straight line, f/p - orc warrior
Aim: an orc warrior, wielding a +0 broad axe and wearing a +0 plate armour (heavily wounded, confused, 100% to hit)
The magic dart hits the orc warrior.
The orc warrior is severely wounded.
The orc warrior seems less confused.
The orc warrior unwields a +0 broad axe.
The orc warrior wields a +0 orcbow.
The orc warrior shoots an arrow.
The arrow misses you.
You hear a shout!
Casting: Magic Dart (safe; 2% risk of failure)
Confirm with . or Enter, or press ? or * to list all spells.
Aiming: Mephitic Cloud (dangerous; 9% risk of failure)
Press: ? - help, Shift-Dir - straight line, f/p - orc warrior
Aim: an orc warrior, wielding a +0 orcbow and wearing a +0 plate armour (severely wounded, chance to affect: 81%)
The ball explodes into a vile cloud!
The stinking cloud engulfs the orc warrior.
The orc warrior is severely wounded.
* * * LOW HITPOINT WARNING * * *
The orc warrior is engulfed in noxious fumes.
The orc warrior appears confused.
Unknown command.
A goblin comes into view. It is wielding a +0 club.
The goblin shouts!
The orc warrior is engulfed in noxious fumes.
The orc warrior appears confused.
The orc warrior grins madly.
The orc warrior is engulfed in noxious fumes.
The orc warrior appears confused.
The orc warrior unwields a +0 orcbow.
The orc warrior wields a +0 broad axe.
The orc warrior hits you with a +0 broad axe!
* * * LOW HITPOINT WARNING * * *
Unknown command.
You completely miss the orc warrior.
The orc warrior is severely wounded.
Unknown command.
You hit the orc warrior.
The orc warrior is severely wounded.
The orc warrior hits you with a +0 broad axe!!
You die...

#.####.:....####.### ...
###........# .#
#.####....#.###.## .#
###......##.#.###..## .#
#.#.##.####....#.#..## .#
#.#.##......##...##..#
.###......##.#g##.#..#..#
.#.#.##.####..§o#.##.#..#
.#...##......##°@.##....#
.#.#....####.##.#..#.#..#
.#.##.####......##...#.##
...##....).##.#.##.#.#.#
.#....##.#.##........#.#
####.###.#..#.###.#..#.#
#......##.).##...#.#.#
#####.###.#.....##.#.##
......##.#.....#..##


You could see an orc warrior (confused) and a goblin.

Vanquished Creatures
  An orc priest (D:3)
  2 orc wizards
  3 adders
  2 dart slugs (D:4)
  2 orcs
  3 ball pythons
  3 bats
  2 endoplasms
  2 giant cockroaches
  A goblin (D:3)
  3 hobgoblins
  3 jackals (D:1)
  4 kobolds
  2 quokkas
  3 frilled lizards
  2 rats (D:1)
38 creatures vanquished.

Vanquished Creatures (collateral kills)
  An orc wizard (D:3)
  An adder (D:2)
  2 orcs
  A hobgoblin (D:2)
  A rat (D:2)
6 creatures vanquished.

Grand Total: 44 creatures vanquished

Notes
Turn   | Place    | Note
-------+----------+-------------------------------------------
     0 | D:1      | BubbleThief the Djinni Hedge Wizard began the quest for the
                  | Orb.
     0 | D:1      | BubbleThief set off with the following spells memorised:
                  | Magic Dart, Slow, Blink, Call Imp, Mephitic Cloud.
     0 | D:1      | Reached XP level 1. HP: 15/15 MP: 0/0
   328 | D:1      | Reached XP level 2. HP: 21/22 MP: 0/0
   333 | D:1      | Reached skill level 1 in Fighting
   996 | D:2      | Reached XP level 3. HP: 25/28 MP: 0/0
   996 | D:2      | Learned a level 1 spell: Foxfire
  1364 | D:2      | Reached XP level 4. HP: 33/33 MP: 0/0
  1858 | D:3      | Found a faded altar of an unknown god.
  2176 | D:3      | Reached XP level 5. HP: 9/40 MP: 0/0
  2176 | D:3      | Learned a level 2 spell: Mercury Vapours
  2628 | D:4      | Noticed an orc warrior
  2754 | D:4      | Mangled by an orc warrior

Illustrated notes

Levels and vault maps discovered:
D:1:      eino_arrival_cavern_b, layout_loops_ring, minmay_misc_feat_chi
D:2:      layout_basic, kennysheep_nub
D:3:      layout_rooms, shapermc_ecumenical_altar_pompeii,
          minmay_splitting_lines, feat_on_display
D:4:      layout_loops_ring, nicolae_ashenzari_skybound,
          minmay_temple_entry_proselytizer, serial_shops,
          nicolae_shop_rolled_up, amcnicky_mini_corridor_feature,
          nicolae_letterblocks [nicolae_letter_subblock,
          nicolae_letter_subblock, nicolae_letter_subblock,
          nicolae_letter_subblock, nicolae_letter_subblock,
          nicolae_letter_subblock, nicolae_letter_subblock,
          nicolae_letter_subblock, nicolae_letter_subblock,
          nicolae_letter_subblock, nicolae_letter_subblock,
          nicolae_letter_subblock, nicolae_letter_subblock,
          nicolae_letter_subblock, nicolae_letter_subblock,
          nicolae_letter_subblock, nicolae_letter_subblock,
          nicolae_letter_subblock, nicolae_letter_subblock,
          nicolae_letter_subblock, nicolae_letter_subblock,
          nicolae_letter_subblock, nicolae_letter_subblock,
          nicolae_letter_subblock, nicolae_letter_subblock], uniq_robin

Skill      XL: |  1  2  3  4  5 |
---------------+----------------+-----
Fighting       | 1 2 3 |  3.6
Spellcasting   | 4 |  4.2
Conjurations   | 4 |  4.2
Hexes          | 4 |  4.2
Summonings     | 4 |  4.2
Necromancy     | 4 |  4.2
Translocations | 4 |  4.2
Fire Magic     | 4 |  4.2
Ice Magic      | 4 |  4.2
Air Magic      | 4 |  4.2
Earth Magic    | 4 |  4.2
Alchemy        | 4 |  4.2
Dodging        | |  2.1
Stealth        | |  1.5

Action                     |  1- 3 |  4- 6 || total
---------------------------+-------+-------++-------
  Melee: Flail             |     3 |     5 ||     8
         Dagger            |     2 |    14 ||    16
   Cast: Magic Dart        |    40 |    57 ||    97
         Call Imp          |     3 |     5 ||     8
         Mephitic Cloud    |       |     5 ||     5
         Mercury Vapours   |       |     1 ||     1
 Armour: Robe              |     3 |    19 ||    22
  Dodge: Dodged            |    10 |    10 ||    20
         Form:             |     1 |       ||     1
         Maw               |     1 |       ||     1

Table legend: (Time is in decaauts)
 A = Elapsed time spent in this place.
 B = Non-inter-level travel time spent in this place.
 C = Inter-level travel time spent in this place.
 D = Time resting spent in this place.
 E = Time spent auto-exploring this place.
 F = Levels seen in this place.
 G = Mean time per level.
                   A        B        C        D        E       F      G
               +--------+--------+--------+--------+--------+-----+--------+
         Total |   2751 |   2700 |     51 |    169 |   2116 |   4 |  687.8 |
       Dungeon |   2751 |   2700 |     51 |    169 |   2116 |   4 |  687.8 |
               +--------+--------+--------+--------+--------+-----+--------+

Top non-repeatable levels by time:
     D:1: 977 daAuts
     D:2: 808 daAuts
     D:3: 715 daAuts
     D:4: 249 daAuts
